 Dungeon Crawl Stone Soup version 0.21.1-1-g345015f (webtiles) character file.

224793 diana the Brawler (level 18, -4/294 HPs)
             Began as a Troll Monk on July 8, 2018.
             Was the Champion of Okawaru.
             Slain by a merfolk impaler
             ... wielding a +0 trident
              (10 damage)
             ... on level 4 of the Shoals.
             The game lasted 01:43:55 (32067 turns).

diana the Brawler (Troll Monk)                     Turns: 32067, Time: 01:43:57

Health: -4/294     AC: 17    Str: 37    XL:     18   Next: 97%
Magic:  23/23      EV: 17    Int:  6    God:    Okawaru [******]
Gold:   3621       SH:  0    Dex: 17    Spells: 6/17 levels left

rFire    + + .     SeeInvis +     - Unarmed
rCold    . . .     Gourm    +   (no shield)
rNeg     + . .     Faith    .   K - +1 troll leather armour of Oplentecs {Regen+ Slay+6}
rPois    .         Spirit   .   N - +2 hat
rElec    .         Reflect  .   x - +1 cloak {rF+}
rCorr    .         Harm     .   (gloves unavailable)
MR       ++...                  (boots unavailable)
Stlth    ..........             h - amulet of regeneration
HPRegen  1.79/turn              l - ring of see invisible
MPRegen  0.18/turn              w - ring of Moodiness {rN+ MR+ Dex+5}

@: berserking, engulfed (cannot breathe), studying Necromancy, slow
A: large, unfitting armour, claws 3, horns 1, molten scales 1, fire resistance
1, fast metabolism 3, gourmand, regeneration 1, shaggy fur 1, strong 1, tough
skin 2, evolution 1
a: Heroism, Finesse, Renounce Religion


You were on level 4 of the Shoals.
You worshipped Okawaru.
Okawaru was exalted by your worship.
You were not hungry.

You visited 6 branches of the dungeon, and saw 31 of its levels.
You also visited: Labyrinth, Bailey, Ice Cave and Volcano.

You collected 4224 gold pieces.
You spent 603 gold pieces at shops.

Inventory:

Missiles
 B - 13 throwing nets (quivered)
Armour
 x - a +1 cloak of fire resistance (worn)
 K - the +1 troll leather armour of Oplentecs (worn) {Regen+ Slay+6}
   (Okawaru gifted it to you on level 8 of the Dungeon)

   It affects your accuracy and damage with ranged weapons and melee attacks
   (+6).
   It increases your rate of regeneration.
 N - a +2 hat (worn)
Jewellery
 h - an amulet of regeneration (around neck)
 l - a ring of see invisible (left claw)
 p - a +4 ring of slaying
 w - the ring of Moodiness (right claw) {rN+ MR+ Dex+5}
   (You bought it in a shop on level 2 of the Orcish Mines)

   [ring of positive energy]

   It affects your dexterity (+5).
   It protects you from negative energy.
   It affects your resistance to hostile enchantments.
Wands
 a - a wand of disintegration (30)
 c - a wand of acid (22)
 o - a wand of clouds (9)
 t - a wand of polymorph (21)
 D - a wand of flame (80)
 E - a wand of digging (13)
 F - a wand of iceblast (7)
Scrolls
 d - 10 scrolls of teleportation
 f - 20 scrolls of remove curse
 n - 3 scrolls of fear
 u - 2 scrolls of identify
 v - 8 scrolls of immolation
 C - 3 scrolls of silence
 G - 3 scrolls of holy word
 H - a scroll of enchant weapon
 Q - 2 scrolls of summoning
 S - 4 scrolls of fog
 W - 4 scrolls of magic mapping
 Y - 3 scrolls of blinking
Potions
 e - 8 potions of resistance
 g - 4 potions of flight
 i - 16 potions of curing
 j - 5 potions of haste
 m - 4 potions of might
 q - 3 potions of berserk rage
 s - 2 potions of brilliance
 z - 2 potions of cancellation
 O - 2 potions of magic
 R - 2 potions of invisibility
 U - 4 potions of ambrosia
 V - 3 potions of agility
Books
 P - a manual of Necromancy
Miscellaneous
 k - a phial of floods
 y - a lamp of fire
 I - a lightning rod (4/4)
 J - a phial of floods
 L - a box of beasts
 X - a sack of spiders
 Z - a phantom mirror
Comestibles
 b - 45 rations


   Skills:
 - Level 15.8 Fighting
 + Level 14.2 Armour
 - Level 10.4 Dodging
 - Level 1.0 Stealth
   Level 2.4 Shields
 - Level 20.0 Unarmed Combat
 - Level 8.2 Invocations


You had 6 spell levels left.
You knew the following spells:

 Your Spells              Type           Power        Failure   Level  Hunger
a - Mephitic Cloud        Conj/Pois/Air  #.......     83%         3    ####...
b - Regeneration          Chrm/Necr      #.........   83%         3    ####...
c - Dispel Undead         Necr           #.......     100%        5    ######.


Dungeon Overview and Level Annotations

Branches:
Dungeon (15/15)            Temple (1/1) D:5            Lair (6/6) D:9
 Shoals (4/4) Lair:3       Spider (0/4) Lair:3        Slime (0/5) Lair:5
    Orc (2/2) D:9             Elf (3/3) Orc:2        Vaults (0/5) D:14
 Depths (0/5) D:15

Altars:
Ashenzari
Cheibriados
Dithmenos
Elyvilon
Fedhas
Gozag
Hepliaklqana
Kikubaaqudgha
Makhleb
Nemelex Xobeh
Okawaru
Qazlal
Ru
Sif Muna
Trog
Uskayaw
Vehumet
Wu Jian
Xom
Yredelemnul
Zin
The Shining One
Beogh

Shops:
D:4 *   D:6 (   D:7 :   D:8 [   Orc:2 }?=%   Shoals:2 }

Portals:
Trove: Elf:1 (give horn of Geryon)

Annotations:
Lair:2 exclusion: 4 oklob plants
Shoals:4 Ilsuiw
Elf:2 3 runed doors


Innate Abilities, Weirdness & Mutations

You are too large for most types of armour.
You have claws for hands.
Your metabolism is lightning-fast.
You like to eat raw meat.
Your natural rate of healing is unusually fast.
You are covered in fur. (AC +1)
You have very tough skin. (AC +2)
You have a pair of small horns on your head.
You are partially covered in molten scales. (AC +2)
Your flesh is heat resistant. (rF+)
Your muscles are strong. (Str +2)
You evolve.


Message History

* * * LOW HITPOINT WARNING * * *
The merfolk impaler closely misses you. x2
Ilsuiw hits you with a trident of freezing.
* * * LOW HITPOINT WARNING * * *
Ilsuiw freezes you.
* * * LOW HITPOINT WARNING * * *
Unknown command.
A red film seems to cover your vision as you go berserk!
You feel yourself moving faster!
You feel mighty!
* * * LOW HITPOINT WARNING * * *
Your lungs strain for air!
The merfolk impaler hits you but does no damage.
The water elemental hits you.
* * * LOW HITPOINT WARNING * * *
The water elemental completely misses you.
The merfolk impaler closely misses you.
The merfolk impaler hits you with a trident.
* * * LOW HITPOINT WARNING * * *
The merfolk impaler hits you with a trident!
You die...

..≈≈≈ ≈≈≈≈≈≈m≈≈≈≈≈≈≈≈## ..≈≈≈
≈≈≈≈≈P≈≈≈≈≈≈≈≈≈≈#### ..≈≈#
#≈≈≈P≈≈≈≈≈≈≈≈≈≈≈≈≈ .≈≈≈#
#≈≈P≈≈PP≈≈≈≈≈≈≈≈≈≈ .≈≈#.
###≈≈≈≈≈≈≈≈≈≈≈≈≈≈≈ ..##
##≈≈≈≈≈≈≈P≈≈≈≈≈≈≈ ..##
#≈≈≈≈≈≈≈≈≈≈≈≈≈≈≈≈ ..≈#
#≈≈≈mmm≈≈≈≈≈≈≈≈≈≈ ..##
##≈≈)@E≈≈≈≈≈P≈≈≈≈ ..#
#≈≈≈E[≈≈≈.≈≈≈≈≈≈≈ ..###
###≈≈≈≈≈≈≈..≈≈≈PP≈ ..≈≈####
#≈≈≈≈≈.......≈P≈PP
...≈≈#≈####≈≈≈≈######≈≈≈PPPP
.....≈≈≈≈≈≈≈≈≈.#######≈≈P≈P≈≈≈≈≈
≈..)...≈≈≈≈≈.###.#≈#.###≈≈≈≈≈≈≈≈
#...)..≈≈≈≈≈≈.#..≈≈≈≈≈##≈≈≈≈≈≈≈≈
##.....≈≈≈≈≈.≈##.#≈#≈≈##.≈≈≈≈≈≈≈


You could see Ilsuiw (invisible), 2 merfolk impalers and 2 water elementals.

Vanquished Creatures
  2 liches (D:14)
  3 deep elf blademasters (Elf:3)
  A deep elf master archer (Elf:3)
  A sphinx (D:14)
  Agnes (Elf:1)
  8 deep elf sorcerers
  2 deep elf elementalists (Elf:3)
  A stone giant (D:9)
  3 deep elf demonologists (Elf:3)
  13 deep elf annihilators
  3 merfolk impalers
  A red draconian (Volcano)
  A fire dragon (Lair:6)
  Snorg (D:13)
  A merfolk javelineer (Shoals:2)
  7 deep elf death magi (Elf:3)
  A minotaur (Lab)
  Erolcha (D:13)
  An ettin (D:15)
  A yaktaur captain (D:14)
  11 deep elf high priests (Elf:3)
  4 vault guards (D:14)
  Fannar (Lair:3)
  Harold (Lair:1)
  10 hydras
  An ice dragon (Lair:6)
  An alligator snapping turtle (Shoals:3)
  4 catoblepae
  5 merfolk avatars
  7 centaur warriors
  6 two-headed ogres
  A death knight (D:13)
  13 dancing weapons
  9 death yaks
  2 ogre magi
  4 satyrs
  Erica (D:10)
  4 orc high priests
  10 deep elf knights
  Sonja (D:13)
  A fire crab (Lair:6)
  4 small abominations (Elf:3)
  A hell knight (Elf:1)
  An unseen horror (shapeshifter) (D:15)
  A salamander mystic (Volcano)
  10 skeletal warriors
  2 wizards (Elf:1)
  An unseen horror (D:15)
  6 sea snakes
  A deep troll (D:15)
  8 deep elf archers
  A lindwurm (Lair:6)
  A swamp dragon (Lair:6)
  Pikel (D:7)
  10 orc knights
  12 manticores
  3 salamanders (Volcano)
  40 deep elf magi
  22 ugly things
  7 orc sorcerers
  4 slime creatures (D:14)
  16 fauns
  A cyclops (D:12)
  3 centaur zombies
  6 black mambas
  Psyche (D:10)
  Maurice (Orc:1)
  6 merfolk sirens
  3 ice statues (IceCv)
  3 water nymphs
  7 torpor snails
  2 gargoyles
  13 elephants
  23 spiny frogs
  5 kobold demonologists
  8 centaur skeletons
  8 rime drakes
  3 komodo dragons
  2 freezing wraiths
  2 wind drakes
  17 merfolk
  A tengu conjurer (D:15)
  13 trolls
  4 polar bears (Lair:2)
  6 meliai
  A queen bee (D:14)
  7 snapping turtles
  6 hornets (Lair:6)
  4 tyrant leeches (Lair:6)
  Grinder (D:5)
  A dream sheep (shapeshifter) (D:15)
  9 hippogriffs
  3 dream sheep (Lair:5)
  2 blink frogs
  A centaur simulacrum (D:14)
  3 water elementals
  6 shadows
  An air elemental (Elf:3)
  49 yaks
  A spriggan (Lair:3)
  3 wraiths
  8 wyverns
  6 basilisks
  8 hungry ghosts
  5 vampire mosquitoes
  3 fire elementals
  6 wargs
  10 water moccasins
  2 hell hounds (D:9)
  4 acid dragons
  14 porcupines
  2 hornet zombies
  8 ice beasts
  56 orc warriors
  2 phantoms
  A swamp drake (Lair:6)
  4 black bears
  3 sky beasts
  2 necrophages
  11 ogres
  A boggart (Elf:1)
  6 wolves (Lair:5)
  29 centaurs
  30 crocodiles
  7 big kobolds
  14 bullfrogs
  A gnoll sergeant (D:8)
  2 wyvern zombies
  2 scorpions
  20 killer bees
  A water moccasin skeleton (D:11)
  13 wights
  8 howler monkeys
  6 electric eels
  2 bullfrog zombies
  10 crimson imps
  4 lava snakes (Lab)
  A quasit (D:8)
  7 hounds
  19 orc priests
  8 iguanas
  2 jellies
  33 orc wizards
  A bullfrog skeleton (D:8)
  12 worker ants
  2 worker ant zombies
  12 gnolls
  10 adders
  4 shadow imps
  An adder skeleton (D:9)
  4 worms
  2 dart slugs (D:1)
  14 leopard geckos
  146 orcs
  9 goblins
  9 hobgoblins
  14 jackals
  4 quokkas
  2 ball pythons
  3 bats
  19 frilled lizards
  29 kobolds
  5 rats
  A crawling corpse (Elf:3)
  3 plants (Lair:6)
1225 creatures vanquished.

Vanquished Creatures (collateral kills)
  A salamander (Volcano)
1 creature vanquished.

Vanquished Creatures (others)
  An orc (D:13)
  3 fungi
  5 plants
9 creatures vanquished.

Grand Total: 1235 creatures vanquished

Notes
Turn   | Place    | Note
-------+----------+-------------------------------------------
     0 | D:1      | diana the Troll Monk began the quest for the Orb.
     0 | D:1      | Reached XP level 1. HP: 22/22 MP: 0/0
   270 | D:1      | Reached XP level 2. HP: 28/29 MP: 1/1
   350 | D:1      | Reached skill level 4 in Unarmed Combat
   568 | D:1      | Reached XP level 3. HP: 34/36 MP: 2/2
  1464 | D:3      | Found a glowing silver altar of Zin.
  1468 | D:3      | Found an ancient bone altar of Kikubaaqudgha.
  1488 | D:3      | Found a shimmering altar of Xom.
  1636 | D:3      | Found a deep blue altar of Sif Muna.
  1863 | D:3      | Reached skill level 5 in Unarmed Combat
  1863 | D:3      | Reached XP level 4. HP: 44/44 MP: 3/3
  1965 | D:3      | Reached XP level 5. HP: 50/50 MP: 4/4
  2292 | D:4      | Reached skill level 6 in Unarmed Combat
  2403 | D:4      | Found Pienonn's Elemental Accessories.
  3532 | D:5      | Entered Level 5 of the Dungeon
  3547 | D:5      | Reached XP level 6. HP: 59/59 MP: 5/5
  3623 | D:5      | Reached skill level 7 in Unarmed Combat
  3651 | D:5      | Found a staircase to the Ecumenical Temple.
  3722 | Temple   | Entered the Ecumenical Temple
  3792 | Temple   | Became a worshipper of Warmaster Okawaru
  3792 | Temple   | Reached * piety under Okawaru
  3792 | Temple   | Reached ** piety under Okawaru
  3814 | D:5      | Noticed Grinder
  3817 | D:5      | Paralysed by Grinder for 3 turns
  3853 | D:5      | Paralysed by Grinder for 7 turns
  3862 | D:5      | Killed Grinder
  3862 | D:5      | Reached skill level 8 in Unarmed Combat
  3862 | D:5      | Reached XP level 7. HP: 25/66 MP: 6/6
  3930 | D:5      | Reached *** piety under Okawaru
  4043 | D:5      | Found a bloodstained altar of Trog.
  4148 | D:6      | Reached skill level 9 in Unarmed Combat
  4214 | D:6      | Reached XP level 8. HP: 71/74 MP: 7/7
  4219 | D:6      | Reached skill level 10 in Unarmed Combat
  4451 | D:6      | Found a shattered altar of Ashenzari.
  4476 | D:6      | Found Puodghyn's Antique Weapon Emporium.
  4525 | D:6      | Found a snail-covered altar of Cheibriados.
  4628 | D:6      | Found a shadowy altar of Dithmenos.
  4972 | D:7      | Noticed Pikel
  4981 | D:7      | Killed Pikel
  4981 | D:7      | Reached **** piety under Okawaru
  4981 | D:7      | Reached skill level 11 in Unarmed Combat
  5064 | D:7      | Found Caleysm's Book Shoppe.
  5115 | D:7      | Reached XP level 9. HP: 80/80 MP: 8/8
  5147 | D:7      | Noticed a two-headed ogre
  5153 | D:7      | Killed a two-headed ogre
  5153 | D:7      | Reached ***** piety under Okawaru
  5153 | D:7      | Reached skill level 12 in Unarmed Combat
  5626 | D:8      | Received a gift from Okawaru
  5635 | D:8      | Reached skill level 13 in Unarmed Combat
  5644 | D:8      | Got a heavily runed troll leather armour {god gift}
  5655 | D:8      | Identified the +1 troll leather armour of Oplentecs {Regen+ Slay+6} (Okawaru gifted it to you on level 8 of the Dungeon)
  5797 | D:8      | Noticed a centaur warrior
  5803 | D:8      | Killed a centaur warrior
  5848 | D:8      | Reached skill level 14 in Unarmed Combat
  5880 | D:8      | Reached XP level 10. HP: 88/88 MP: 9/9
  6006 | D:8      | Noticed a two-headed ogre
  6010 | D:8      | Killed a two-headed ogre
  6047 | D:8      | Found Cushreff's Specialty Armours.
  6266 | D:9      | Found a staircase to the Lair.
  6276 | D:9      | Found a staircase to the Orcish Mines.
  6431 | D:9      | Reached skill level 15 in Unarmed Combat
  6703 | D:9      | Identified Sif Muna's Tome of the Rocks and the Voyage
  6824 | D:10     | Entered Level 10 of the Dungeon
  6885 | D:10     | Noticed Psyche
  6895 | D:10     | Killed Psyche
  6927 | D:10     | Noticed Erica
  6937 | D:10     | Killed Erica
  6937 | D:10     | Received a gift from Okawaru
  6937 | D:10     | Reached skill level 16 in Unarmed Combat
  7056 | D:10     | Reached XP level 11. HP: 94/94 MP: 10/10
  7264 | D:10     | Found a roughly hewn altar of Beogh.
  7768 | D:11     | Noticed a red ugly thing
  7773 | D:11     | Killed a red ugly thing
  7802 | D:11     | Reached skill level 1 in Armour
  7803 | D:11     | Found a labyrinth entrance.
  7819 | Lab      | Entered a labyrinth
  8290 | Lab      | Noticed a minotaur
  8299 | Lab      | Killed a minotaur
  8440 | D:11     | Noticed a skeletal warrior
  8440 | D:11     | Noticed a skeletal warrior
  8440 | D:11     | Noticed a skeletal warrior
  8441 | D:11     | Noticed a skeletal warrior
  8441 | D:11     | Noticed a skeletal warrior
  8461 | D:11     | Killed a skeletal warrior
  8463 | D:11     | Killed a skeletal warrior
  8467 | D:11     | Killed a skeletal warrior
  8467 | D:11     | Reached skill level 5 in Fighting
  8473 | D:11     | Killed a skeletal warrior
  8622 | D:11     | Noticed a two-headed ogre
  8626 | D:11     | Noticed a two-headed ogre
  8632 | D:11     | Killed a two-headed ogre
  8632 | D:11     | Received a gift from Okawaru
  8632 | D:11     | Reached ****** piety under Okawaru
  8638 | D:11     | Killed a two-headed ogre
  8842 | D:11     | Killed a skeletal warrior
  8842 | D:11     | Received a gift from Okawaru
  8842 | D:11     | Reached XP level 12. HP: 101/114 MP: 11/11
  8845 | D:11     | Got a sheer robe {god gift}
  8856 | D:11     | Identified the +3 robe of Life {MR- rCorr Int+6} (Okawaru gifted it to you on level 11 of the Dungeon)
  9087 | D:12     | Reached skill level 5 in Dodging
  9159 | D:12     | Noticed an eight-headed hydra
  9180 | D:12     | Killed an eight-headed hydra
  9326 | D:12     | Found a flagged portal.
  9338 | Bailey   | Entered a bailey
  9799 | D:12     | Reached skill level 5 in Armour
  9844 | D:12     | Noticed a five-headed hydra
  9851 | D:12     | Killed a six-headed hydra
 10225 | D:13     | Noticed a five-headed hydra
 10351 | Lair:1   | Entered Level 1 of the Lair of Beasts
 10461 | Lair:1   | Received a gift from Okawaru
 10537 | Lair:1   | Got a fine large shield {god gift}
 10543 | Lair:1   | Identified the +8 large shield of the Burgomaster {rPois rCorr} (Okawaru gifted it to you on level 1 of the Lair of Beasts)
 10574 | Lair:1   | Noticed a five-headed hydra
 10581 | Lair:1   | Killed a five-headed hydra
 10605 | Lair:1   | Noticed a four-headed hydra
 10639 | Lair:1   | HP: 5/121 [four-headed hydra (12)]
 10672 | Lair:1   | Killed a four-headed hydra
 10676 | Lair:1   | Reached skill level 1 in Shields
 10919 | Lair:1   | Noticed a five-headed hydra
 10999 | Orc:1    | Entered Level 1 of the Orcish Mines
 10999 | Orc:1    | Noticed a stone giant
 11096 | D:9      | Reached XP level 13. HP: 118/130 MP: 12/12
 11128 | D:9      | Killed a stone giant
 11224 | Orc:1    | Found a dark tunnel.
 11232 | Volcano  | Entered a volcano
 11435 | Volcano  | Noticed a red draconian
 11443 | Volcano  | Killed a red draconian
 11664 | Orc:2    | Entered Level 2 of the Orcish Mines
 12105 | Orc:2    | Found a staircase to the Elven Halls.
 12218 | Orc:2    | Found Geph's Food Shoppe.
 12252 | Orc:2    | Received a gift from Okawaru
 12359 | Orc:2    | Reached skill level 10 in Fighting
 12397 | Orc:2    | Found Gupsoepp's Gadget Shoppe.
 12567 | Orc:1    | Received a gift from Okawaru
 12607 | Orc:1    | Paralysed by fainting for 6 turns
 12842 | Orc:2    | Found Xioj's Magic Scroll Boutique.
 12848 | Orc:2    | Found Hasain's Jewellery Boutique.
 12873 | Orc:2    | Bought the ring of Moodiness {rN+ MR+ Dex+5} for 603 gold pieces
 13056 | Orc:1    | Noticed Maurice
 13064 | Orc:1    | Killed Maurice
 13779 | Elf:1    | Entered Level 1 of the Elven Halls
 14027 | Elf:1    | Found a radiant altar of Vehumet.
 14054 | Elf:1    | Reached XP level 14. HP: 76/144 MP: 13/13
 14212 | D:13     | Noticed Snorg
 14286 | D:13     | Killed Snorg
 14302 | D:13     | Noticed Sonja
 14315 | D:13     | Killed Sonja
 14634 | D:13     | Noticed Erolcha
 14660 | D:13     | Received a gift from Okawaru
 14663 | D:13     | Got a crystal fustibalus {god gift}
 14692 | D:13     | Killed Erolcha
 14703 | D:13     | Identified the +1 fustibalus of Zonnuy {velocity, rElec MR++ Int+2 Stlth-} (Okawaru gifted it to you on level 13 of the Dungeon)
 15321 | D:14     | Noticed a sphinx
 15327 | D:14     | Killed a sphinx
 15327 | D:14     | Received a gift from Okawaru
 15447 | D:14     | Identified the Papyrus of Torrid Poison
 15490 | D:14     | Reached skill level 10 in Dodging
 15495 | D:14     | Noticed a lich
 15498 | D:14     | Paralysed by a lich for 5 turns
 15507 | D:14     | Killed a lich
 15704 | D:14     | Reached skill level 10 in Armour
 15803 | D:14     | Noticed a deep elf sorcerer
 15805 | D:14     | Reached skill level 1 in Invocations
 15812 | D:14     | Killed a deep elf sorcerer
 15822 | D:14     | Got a transparent turquoise ring
 15844 | D:14     | Received a gift from Okawaru
 15899 | D:14     | Noticed a lich
 15909 | D:14     | Killed a lich
 15909 | D:14     | Reached XP level 15. HP: 123/152 MP: 14/16
 16163 | D:13     | Identified the ring "Befawufu" {MR+ Stlth-} (You took it off a deep elf sorcerer on level 14 of the Dungeon)
 16476 | Elf:1    | Received a gift from Okawaru
 16480 | Elf:1    | Got a colourful robe {god gift}
 16487 | Elf:1    | Found a portal to a secret trove of treasure.
 16581 | Orc:2    | Identified the +1 robe of Feasting {Str+2 Dex+4} (Okawaru gifted it to you on level 1 of the Elven Halls)
 16594 | Orc:2    | Gained mutation: You evolve. [potion of mutation]
 16594 | Orc:2    | Gained mutation: You expend magic power (3 MP) to strengthen your wands. [potion of mutation]
 16594 | Orc:2    | Gained mutation: You passively map a small area around you. [potion of mutation]
 16939 | Lair:1   | Noticed Harold
 16948 | Lair:1   | Killed Harold
 17248 | Lair:2   | Found a stormy altar of Qazlal.
 17772 | Lair:2   | Reached skill level 5 in Invocations
 17811 | Lair:2   | Gained mutation: You are occasionally teleported next to monsters. [evolution]
 17942 | Lair:2   | Lost mutation: You passively map a small area around you. [potion of mutation]
 17942 | Lair:2   | Lost mutation: You expend magic power (3 MP) to strengthen your wands. [potion of mutation]
 17942 | Lair:2   | Gained mutation: You have a pair of small horns on your head. [potion of mutation]
 17942 | Lair:2   | Gained mutation: Your muscles are strong. (Str +2) [potion of mutation]
 18135 | Lair:3   | Found the +10 large shield of Ignorance {rN+ Int-4}
 18162 | Lair:3   | Reached skill level 17 in Unarmed Combat
 18196 | Lair:3   | Found a staircase to the Shoals.
 18360 | Lair:3   | Noticed Fannar
 18368 | Lair:3   | Killed Fannar
 18567 | Lair:3   | Found a hole to the Spider Nest.
 19018 | Lair:4   | Found a frozen archway.
 19028 | IceCv    | Entered an ice cave
 19591 | Lair:4   | Identified a scroll of acquirement
 19839 | Lair:4   | Received a gift from Okawaru
 20742 | Lair:5   | Found a staircase to the Slime Pits.
 20966 | Lair:5   | Reached XP level 16. HP: 150/159 MP: 21/21
 21448 | Lair:6   | Entered Level 6 of the Lair of Beasts
 21477 | Lair:6   | Received a gift from Okawaru
 21477 | Lair:6   | Reached skill level 18 in Unarmed Combat
 21500 | Lair:6   | Paralysed by fainting for 5 turns
 21848 | Lair:6   | Found a glowing golden altar of the Shining One.
 21877 | Lair:6   | Found a runed door.
 22041 | Lair:6   | Identified the Papyrus of Dark Intoxication
 22177 | Lair:6   | Learned a level 3 spell: Mephitic Cloud
 22181 | Lair:6   | Learned a level 3 spell: Regeneration
 22187 | Lair:6   | Learned a level 5 spell: Dispel Undead
 22307 | Lair:6   | Received a gift from Okawaru
 22741 | Lair:6   | Reached skill level 19 in Unarmed Combat
 23241 | D:14     | Found a gate to the Vaults.
 23509 | D:15     | Entered Level 15 of the Dungeon
 23622 | D:15     | Received a gift from Okawaru
 23776 | D:15     | Found a staircase to the Depths.
 24144 | D:15     | Reached skill level 20 in Unarmed Combat
 24225 | D:15     | Found an opulent altar of Gozag.
 24276 | D:15     | Received a gift from Okawaru
 24353 | D:15     | Lost mutation: You are occasionally teleported next to monsters. [evolution]
 24630 | D:15     | Found a roughly hewn altar of Beogh.
 25065 | Elf:1    | Paralysed by fainting for 10 turns
 25081 | Elf:1    | Reached XP level 17. HP: 68/170 MP: 22/22
 25439 | Elf:1    | Noticed Agnes
 25453 | Elf:1    | Killed Agnes
 26053 | Elf:2    | Gained mutation: Your flesh is heat resistant. (rF+) [evolution]
 26299 | Elf:2    | Found a runed gate.
 26299 | Elf:2    | Found a runed gate.
 26299 | Elf:2    | Found a runed gate.
 26384 | Elf:2    | Received a gift from Okawaru
 26633 | Elf:3    | Entered Level 3 of the Elven Halls
 26949 | Elf:3    | HP: 1/178 [deep elf mage/bolt of lightning (20)]
 27136 | Elf:3    | Noticed a deep elf blademaster
 27707 | Elf:3    | Received a gift from Okawaru
 27844 | Elf:3    | Got a scintillating ivory ring
 27948 | Elf:3    | Noticed a deep elf blademaster
 27960 | Elf:3    | Killed a deep elf blademaster
 28115 | Elf:3    | Identified the ring of Elitism {rN+ Stlth+} (You took it off a deep elf knight on level 3 of the Elven Halls)
 28174 | Elf:3    | Reached XP level 18. HP: 183/191 MP: 23/23
 28261 | Elf:3    | Received a gift from Okawaru
 28261 | Elf:3    | Reached skill level 15 in Fighting
 29016 | Shoals:1 | Entered Level 1 of the Shoals
 29661 | Shoals:2 | Found Mushe's Gadget Shoppe.
 29757 | Shoals:2 | Received a gift from Okawaru
 30913 | Shoals:3 | Gained mutation: You are partially covered in molten scales. (AC +2) [evolution]
 31257 | Shoals:4 | Entered Level 4 of the Shoals
 32034 | Shoals:4 | Noticed Ilsuiw
 32049 | Shoals:4 | Received a gift from Okawaru
 32065 | Shoals:4 | HP: 4/196 [merfolk impaler/trident (17)]
 32067 | Shoals:4 | Slain by a merfolk impaler

Skill      XL: |  1  2  3  4  5  6  7  8  9 10 11 12 13 14 15 16 17 18 |
---------------+-------------------------------------------------------+-----
Unarmed Combat | 4 5 6 8 9 11 14 16 17 20 | 20.0
Fighting       | 6 9 10 11 14 15 | 15.8
Armour         | 4 5 7 10 14 | 14.2
Dodging        | 4 6 8 10 | 10.4
Shields        | 1 2 |  2.4
Invocations    | 2 8 |  8.2
Stealth        | |  1.0

Action                   |  1- 3 |  4- 6 |  7- 9 | 10-12 | 13-15 | 16-18 || total
-------------------------+-------+-------+-------+-------+-------+-------++-------
Melee: Unarmed           |   131 |   128 |   216 |   553 |  1143 |   895 ||  3066
       Punch             |     3 |     1 |     9 |    42 |   127 |   129 ||   311
       Headbutt          |       |       |       |       |   104 |   275 ||   379
Invok: Heroism           |       |       |       |       |     3 |     3 ||     6
       Finesse           |       |       |       |       |       |     1 ||     1
 Abil: Evoke Flight      |       |       |       |     1 |       |       ||     1
Evoke: Wand              |       |       |       |    23 |     8 |     6 ||    37
       Box of beasts     |       |       |       |       |     2 |       ||     2
  Use: Potion            |     1 |       |       |     3 |    10 |     9 ||    23
       Scroll            |       |       |     5 |    12 |    13 |    15 ||    45
 Stab: Sleeping          |     4 |       |       |       |     2 |     1 ||     7
       Distracted        |       |       |       |     1 |     2 |     2 ||     5
       Fleeing           |       |       |       |       |     1 |       ||     1
       Petrified         |       |       |       |       |       |     4 ||     4
       Petrifying        |       |       |       |       |       |     1 ||     1
  Eat: Chunk             |    12 |     7 |    17 |    50 |    67 |    89 ||   242
       Ration            |     2 |     2 |     1 |     2 |     7 |     5 ||    19
Armor: Robe              |    33 |    18 |       |       |       |       ||    51
       Storm dragon scal |       |    28 |    99 |       |    23 |       ||   150
       Troll leather arm |       |       |    17 |   223 |   323 |   240 ||   803
       Skin              |       |       |       |       |     1 |       ||     1
Dodge: Dodged            |    59 |    52 |    60 |   278 |   751 |   611 ||  1811
Block: Large shield      |       |       |       |    70 |    44 |       ||   114
